 Dungeon Crawl Stone Soup version 0.25.1-2-g60ff931df9 (webtiles) character file.

Game seed: 15781832280815659812

56 HawFromDerth the Ducker (level 3, -2/18 HPs)
             Began as a Spriggan Warper on Sept 11, 2020.
             Slain by a worm (6 damage)
             ... on level 2 of the Dungeon on Sept 17, 2020.
             The game lasted 00:10:17 (1789 turns).

HawFromDerth the Ducker (Spriggan Warper)           Turns: 1789, Time: 00:10:17

Health: -2/18      AC:  2    Str:  7    XL:     3   Next: 69%
Magic:  6/8        EV: 20    Int: 15    God:
Gold:   28         SH:  0    Dex: 15    Spells: 6/8 levels left

rFire    . . .     SeeInvis +   a - +0 short sword
rCold    . . .     Gourm    .   (shield restricted)
rNeg     . . .     Faith    .   b - +0 robe
rPois    .         Spirit   .   (helmet restricted)
rElec    .         Reflect  .   (no cloak)
rCorr    .         Harm     .   (gloves unavailable)
MR       .....                  (boots unavailable)
Stlth    +.........             (no amulet)
HPRegen  0.06/turn              (no ring)
MPRegen  0.11/turn              (no ring)

@: very quick
A: very small, unfitting armour, see invisible, herbivore, speed 3, slow
metabolism 2
a: no special abilities


You were on level 2 of the Dungeon.
You were not hungry.

You visited 1 branch of the dungeon, and saw 2 of its levels.

You collected 28 gold pieces.

Inventory:

Hand Weapons
 a - a +0 short sword (weapon)
Armour
 b - a +0 robe (worn)
Scrolls
 d - 2 scrolls of blinking
 g - a scroll of remove curse {unknown}
 j - a scroll of identify {unknown}
 l - 4 scrolls of enchant weapon {unknown}
 m - a scroll of teleportation {unknown}
Potions
 c - a potion of berserk rage {unknown}
 h - a potion of lignification {unknown}
 i - a potion of heal wounds {unknown}
Comestibles
 f - 2 rations


   Skills:
 - Level 1.5 Fighting
 + Level 2.9 Short Blades
 - Level 1.0 Throwing
 + Level 5.0 Dodging
 + Level 3.4 Spellcasting
 + Level 4.5 Translocations


You had 6 spell levels left.
You knew the following spells:

 Your Spells              Type           Power        Failure   Level  Hunger
a - Blink                 Tloc           N/A          4%          2    ##.....

Your spell library contained the following spells:

 Spells                   Type           Power        Failure   Level  Hunger
 Gell's Gravitas          Tloc           ###.......   9%          3    ###....
 Lesser Beckoning         Tloc           ###.......   9%          3    ###....
 Teleport Other           Tloc           ###.....     9%          3    ###....
 Shroud of Golubria       Chrm/Tloc      #.....       12%         2    ##.....
 Passage of Golubria      Tloc           N/A          30%         4    ####...


Dungeon Overview and Level Annotations

Branches:
Dungeon (2/15)

Altars:


Innate Abilities, Weirdness & Mutations

You are very small and have problems with some larger weapons.
You are too small for most types of armour.
You have supernaturally acute eyesight. (SInv)
You are a herbivore.
You cover ground extremely quickly.
You need to consume almost no food.


Message History

You hit the worm.
The worm is heavily wounded.
The worm bites you.
* * * LOW HITPOINT WARNING * * *
You hit the worm.
The worm is severely wounded.
You hit the worm but do no damage.
The worm is severely wounded.
The worm completely misses you. The worm bites you.
* * * LOW HITPOINT WARNING * * *
You barely miss the worm.
The worm is heavily wounded.
You hit the worm.
The worm is heavily wounded.
The worm completely misses you.
You hit the worm.
The worm is severely wounded.
The worm bites you.
You die...

############# ###
#...........###
..##########.............#####
..#...........................
..#.......(...................
..#...........)........##.....
.(.........###................
....).(.........@w....#....###
......................#......
......................#......
........###...........#......
........# #...........#(..#..
........# #...........# .#..
#.##...#..............#
#.##..(#..............#
..##.(†#........#..####


You could see a worm.

Vanquished Creatures
  Robin (D:2)
  An ooze (D:1)
  4 bats
  9 goblins
  6 hobgoblins
  4 jackals (D:1)
  6 kobolds
  A frilled lizard (D:1)
  2 rats (D:1)
34 creatures vanquished.

Notes
Turn   | Place    | Note
-------+----------+-------------------------------------------
     0 | D:1      | HawFromDerth the Spriggan Warper began the quest for the
                  | Orb.
     0 | D:1      | Reached XP level 1. HP: 10/10 MP: 5/5
   145 | D:1      | Reached skill level 4 in Dodging
   145 | D:1      | Reached XP level 2. HP: 13/14 MP: 7/7
  1544 | D:2      | Learned a level 2 spell: Blink
  1548 | D:2      | Noticed Robin
  1618 | D:2      | Reached XP level 3. HP: 8/18 MP: 6/8
  1738 | D:2      | Killed Robin
  1738 | D:2      | Reached skill level 5 in Dodging
  1789 | D:2      | Slain by a worm

Illustrated notes

Levels and vault maps discovered:
D:1:      giann_bridges, layout_loops_ring
D:2:      layout_basic, uniq_robin

Skill      XL: |  1  2  3 |
---------------+----------+-----
Dodging        | 4 5 |  5.0
Spellcasting   | 3 |  3.4
Fighting       | |  1.5
Short Blades   | |  2.9
Throwing       | |  1.0
Translocations | |  4.5

Action                   || total
-------------------------++-------
Melee: Short sword       ||   101
Throw: Boomerang         ||    61
 Cast: Blink             ||    10
Armor: Robe              ||    23
Dodge: Dodged            ||   139
